 Dungeon Crawl Stone Soup version 0.30-a0-1116-gebefce21f7 (webtiles) character file.

Game seed: 5736604975716425888

21403 retardedninja the Thaumaturge (level 12, -2/92 HPs)
             Began as a Gnoll Fire Elementalist on Apr 20, 2023.
             Was a High Priest of Cheibriados.
             Slain by a death yak (7 damage)
             ... on level 2 of the Lair of Beasts on Apr 21, 2023.
             The game lasted 00:47:41 (24207 turns).

retardedninja the Thaumaturge (GnFE)               Turns: 24207, Time: 00:47:42

Health: -2/92      AC: 16    Str: 28    XL:     12   Next: 89%
Magic:  25/25      EV: 21    Int: 36    God:    Cheibriados [*****.]
Gold:   769        SH:  0    Dex: 28    Spells: 20/30 levels left

rFire   . . .      SeeInvis .    G - +6 spear "Ybbolaass" {venom, +Blink rElec rCorr Int+4}
rCold   . . .      Faith    .    (no shield)
rNeg    . . .      Spirit   .    p - +0 troll leather armour
rPois   .          Reflect  .    h - +0 helmet
rElec   +          Rampage  .    E - +1 cloak {Stlth+}
rCorr   +                        (no gloves)
Will    .....                    F - +2 pair of boots {Fly}
Stlth   ++++++                   f - amulet of magic regeneration
HPRegen 1.15/turn                o - +4 ring of protection
MPRegen 0.59/turn                L - +6 ring of strength

@: flying, studying Evocations, invisible, very slow
A: fangs 1, strong nose, distributed training
a: Renounce Religion, Evoke Blink, Bend Time, Temporal Distortion, Slouch, Step
From Time


You were on level 2 of the Lair of Beasts.
You worshipped Cheibriados.
Cheibriados was extremely pleased with you.
You visited 3 branches of the dungeon, and saw 15 of its levels.
You also visited: Bailey.

You collected 1009 gold pieces.
You spent 240 gold pieces at shops.

Inventory:

Hand Weapons
 y - a +2 broad axe of flaming
 G - the +6 spear "Ybbolaass" (weapon) {venom, +Blink rElec rCorr Int+4}
   (You found it on level 1 of the Lair of Beasts)

   Int:       It affects your intelligence (+4).
   rElec:     It insulates you from electricity.
   +Blink:    It lets you blink.
   rCorr:     It protects you from acid and corrosion.
Missiles
 B - 9 throwing nets
Armour
 h - a +0 helmet (worn)
 p - a +0 troll leather armour (worn)
 E - a +1 cloak of stealth (worn)
 F - a +2 pair of boots of flying (worn)
Jewellery
 f - an amulet of magic regeneration (around neck)
 o - a +4 ring of protection (left hand)
 L - a +6 ring of strength (right hand)
Wands
 i - a wand of digging (9)
 H - a wand of flame (21)
 J - a wand of roots (14)
 K - a wand of charming (5)
Scrolls
 e - 7 scrolls of fog
 r - a scroll of immolation
 v - a scroll of poison
 D - 2 scrolls of noise
Potions
 b - a potion of magic
 g - 3 potions of cancellation
 l - 4 potions of brilliance
 m - 2 potions of attraction
 n - 2 potions of berserk rage
 s - a potion of lignification
 x - 4 potions of mutation
 z - 3 potions of might
 C - 2 potions of resistance
Miscellaneous
 M - a phial of floods (inert)


   Skills:
 + Level 8.0 Fighting
 + Level 8.0 Short Blades
 + Level 8.0 Long Blades
 + Level 8.0 Axes
 + Level 8.0 Maces & Flails
 + Level 8.0 Polearms
 + Level 8.0 Staves
 + Level 8.0 Ranged Weapons
 + Level 8.0 Throwing
 + Level 8.0 Armour
 + Level 9.3 Dodging
 + Level 9.1 Stealth
 + Level 8.0 Shields
 + Level 8.0 Unarmed Combat
 + Level 9.5 Spellcasting
 + Level 7.0 Conjurations
 + Level 6.6 Hexes
 + Level 6.6 Summonings
 + Level 6.6 Necromancy
 + Level 6.6 Translocations
 + Level 6.6 Transmutations
 + Level 8.7 Fire Magic
 + Level 6.6 Ice Magic
 + Level 6.6 Air Magic
 + Level 6.6 Earth Magic
 + Level 6.6 Poison Magic
 + Level 8.8 Invocations
 + Level 8.8 Evocations


You had 20 spell levels left.
You knew the following spells:

 Your Spells              Type           Power      Damage    Failure   Level
a - Foxfire               Conj/Fire      100%       2x1d9     1%          1
b - Scorch                Fire           100%       2d9       1%          2
c - Flame Wave            Conj/Fire      65%        2d15      1%          4
d - Inner Flame           Hex/Fire       64%        N/A       1%          3

Your spell library contained the following spells:

 Spells                   Type           Power      Damage    Failure   Level
 Apportation              Tloc           100%       N/A       1%          1
 Necrotise                Necr           100%       1d9       1%          1
 Sandblast                Erth           100%       2d20      1%          1
 Summon Small Mammal      Summ           100%       N/A       1%          1
 Passwall                 Tmut/Erth      50%        N/A       1%          2
 Dazzling Flash           Conj/Hex       100%       N/A       1%          3
 Frozen Ramparts          Ice            100%       1d16      1%          3
 Stone Arrow              Conj/Erth      100%       3d13      1%          3
 Tukima's Dance           Hex            60%        N/A       1%          3
 Volatile Blastmotes      Fire/Tloc      100%       2d18      1%          3
 Anguish                  Hex/Necr       30%        N/A       1%          4
 Fulminant Prism          Conj/Hex       30%        3d15      1%          4
 Ice Form                 Ice/Tmut       60%        N/A       1%          4
 Passage of Golubria      Tloc           60%        N/A       1%          4
 Summon Ice Beast         Ice/Summ       60%        N/A       1%          4
 Yara's Violent Unravell  Hex/Tmut       30%        3d13      4%          5
 Discord                  Hex            30%        N/A       100%        8


Dungeon Overview and Level Annotations

Branches:
Dungeon (11/15)            Temple (1/1) D:6            Lair (3/5) D:10
 Shoals (0/4) Lair:2        Snake (0/4) Lair:2          Orc (0/2) D:9
 Bailey (visited)

Altars:
Ashenzari
Cheibriados
Dithmenos
Elyvilon
Fedhas
Gozag
Hepliaklqana
Kikubaaqudgha
Makhleb
Nemelex Xobeh
Okawaru
Qazlal
Ru
Sif Muna
Trog
Uskayaw
Vehumet
Wu Jian
Xom
Yredelemnul
Zin
The Shining One
Jiyva

Shops:
D:2 =   D:5 [[?*!   D:8 [

Portals:
Trove: D:11 (lose all piety)

Annotations:
D:8 1 runed translucent door, bmack86's ghost, novice MiFi
D:10 1 runed translucent door, benadryl's ghost, journeyman DsEE
D:11 Urug
Lair:1 3 runed translucent doors, Palms's ghost, journeyman DEEE


Innate Abilities, Weirdness & Mutations

You have very sharp teeth.
Your uncanny sense of smell can sniff out nearby items.
Your experience applies equally to all skills.


Message History

The grasping roots constrict the death yak.
The grasping roots constrict the death yak!
The grasping roots constrict the death yak.
The death yak gores you.
The death yak escapes!
The death yak gores you!!
Unknown command.
Unknown command.
Unknown command.
Unknown command.
You feel much better.
The grasping roots constrict the death yak. x2
The death yak gores you but does no damage.
The death yak closely misses you. The death yak gores you!
Aiming: Fastroot
Press: ? - help, Q - select action, (/) - cycle Shift-Dir - straight line, f - you, p - death yak The roots erupt in riotous growth!
The death yak is unaffected. x2
Roots grab the death yak.
The grasping roots constrict the death yak!
The grasping roots constrict the death yak.
The grasping roots constrict the death yak!
The roots release their grip on the death yak. x2
The death yak closely misses you. The death yak gores you! x2
* * * LOW HITPOINT WARNING * * *
Unknown command.
Unknown command.
Unknown command.
Unknown command.
The death yak attacks as you move away!
The death yak gores you but does no damage.
The grasping roots constrict the death yak!!
The death yak struggles to escape constriction.
The death yak gores you!!
* * * LOW HITPOINT WARNING * * *
The death yak struggles to escape constriction.
The death yak barely misses you.
It was a potion of invisibility.
You fade into invisibility!
The grasping roots constrict the death yak!
The roots release their grip on the death yak.
The death yak gores you!
You die...

#####.......~~.P.>...~~..........
##......~~.....~.~~..........
##.)##.~~~.....~~~......##.#
##..##~~~~~.~~~~~.P......###
#.)..#...~~~~~~~.P.......#..
##..[.....~~~~~..........#..
#....#..................#..
#...#...#.Y.............#.. ###
#.......##@YY...........#.. #P###
#.#...................<.###
..#.####.#......................#
......####.#.##...............#.#
.....## ##..##................#..
....(# #..#.##...............#..
....## ###..#.......##.......##.
....# ####.....#....#....<..##.
...## #..###.##...........P.###


You could see 3 death yaks.

Vanquished Creatures
  2 vault guards (Bailey)
  A hydra (Lair:2)
  A centaur warrior (D:11)
  3 two-headed ogres
  3 merfolk sirens (Lair:2)
  6 elephants (Lair:1)
  2 cane toads (Lair:1)
  Maggie (Lair:1)
  3 komodo dragons
  A troll (D:10)
  A merfolk (Lair:2)
  Grinder (D:3)
  Prince Ribbit (Bailey)
  5 blink frogs (Lair:2)
  2 wyverns
  A vampire (D:10)
  16 yaks
  Grum (D:9)
  3 humans (Bailey)
  4 steam dragons
  A warg (Lair:2)
  3 nagas (Lair:2)
  8 water moccasins
  4 orc warriors
  3 ice beasts
  3 sky beasts
  4 black bears
  2 centaurs
  9 wolves (Lair:2)
  12 bullfrogs
  2 kobold brigands (D:8)
  A scorpion (D:10)
  4 gnoll sergeants
  3 wights (D:8)
  9 killer bees
  A howler monkey (D:6)
  2 jellies
  3 orc priests
  3 gnoll boudas
  17 hounds
  Jessica (D:2)
  6 sleepcaps
  3 iguanas
  11 orc wizards
  9 adders
  32 gnolls
  A shadow imp (D:5)
  2 white imps (D:8)
  2 ufetubi (D:4)
  A worm (D:2)
  9 dart slugs
  38 orcs
  6 endoplasms
  2 giant cockroaches
  13 goblins
  8 hobgoblins
  2 jackals
  2 quokkas
  7 ball pythons
  5 bats
  3 frilled lizards (D:3)
  21 kobolds
  12 rats
348 creatures vanquished.

Vanquished Creatures (collateral kills)
  17 foxfires
17 creatures vanquished.

Vanquished Creatures (others)
  1148 foxfires
  32 fungi
  43 plants
1223 creatures vanquished.

Grand Total: 1588 creatures vanquished

Notes
Turn   | Place    | Note
-------+----------+-------------------------------------------
     0 | D:1      | retardedninja the Gnoll Fire Elementalist began the quest
                  | for the Orb.
     0 | D:1      | Reached XP level 1. HP: 13/13 MP: 6/6
   932 | D:1      | Reached XP level 2. HP: 17/19 MP: 7/7
  1542 | D:1      | Reached skill level 5 in Spellcasting
  1542 | D:1      | Reached XP level 3. HP: 25/25 MP: 6/9
  2075 | D:2      | Noticed Jessica
  2082 | D:2      | Killed Jessica
  2083 | D:2      | Reached skill level 1 in Fighting
  2083 | D:2      | Reached skill level 1 in Short Blades
  2083 | D:2      | Reached skill level 1 in Long Blades
  2083 | D:2      | Reached skill level 1 in Axes
  2083 | D:2      | Reached skill level 1 in Maces & Flails
  2083 | D:2      | Reached skill level 1 in Polearms
  2083 | D:2      | Reached skill level 1 in Staves
  2083 | D:2      | Reached skill level 1 in Ranged Weapons
  2083 | D:2      | Reached skill level 1 in Throwing
  2083 | D:2      | Reached skill level 1 in Armour
  2083 | D:2      | Reached skill level 1 in Shields
  2083 | D:2      | Reached skill level 1 in Unarmed Combat
  2083 | D:2      | Reached skill level 1 in Invocations
  2083 | D:2      | Reached skill level 1 in Evocations
  2288 | D:2      | Reached XP level 4. HP: 28/32 MP: 8/11
  2602 | D:2      | Learned a level 2 spell: Scorch
  2725 | D:2      | Found Giddui's Jewellery Boutique.
  2875 | D:2      | Reached skill level 1 in Hexes
  2875 | D:2      | Reached skill level 1 in Summonings
  2875 | D:2      | Reached skill level 1 in Necromancy
  2875 | D:2      | Reached skill level 1 in Translocations
  2875 | D:2      | Reached skill level 1 in Transmutations
  2875 | D:2      | Reached skill level 1 in Ice Magic
  2875 | D:2      | Reached skill level 1 in Air Magic
  2875 | D:2      | Reached skill level 1 in Earth Magic
  2875 | D:2      | Reached skill level 1 in Poison Magic
  3683 | D:3      | Reached XP level 5. HP: 37/37 MP: 1/12
  4349 | D:3      | Noticed Grinder
  4361 | D:3      | Killed Grinder
  4362 | D:3      | Reached skill level 5 in Dodging
  4362 | D:3      | Reached XP level 6. HP: 39/44 MP: 3/14
  4655 | D:3      | Found a broken altar of Ashenzari.
  4704 | D:3      | You fall into a shaft and drop 2 floors!
  4704 | D:5      | Entered Level 5 of the Dungeon
  4721 | D:5      | Reached XP level 7. HP: 51/51 MP: 12/15
  4763 | D:5      | Found Qixim's Antique Armour Shoppe.
  6006 | D:4      | Reached skill level 5 in Stealth
  6570 | D:4      | Identified the +6 scale mail "Ufouc" {-Tele rPois Str+8
                  | Int+3}
  7170 | D:4      | Reached XP level 8. HP: 58/58 MP: 11/16
  7700 | D:5      | Found Zotighan's Antique Armour Shoppe.
  8107 | D:5      | Found Ipauth's Distillery.
  8128 | D:5      | Found Kooppifim's Magic Scroll Emporium.
  8408 | D:5      | Found Uciq's General Store.
  8479 | D:5      | Bought a runed cloak for 240 gold pieces
  9516 | D:6      | Found a staircase to the Ecumenical Temple.
  9523 | Temple   | Entered the Ecumenical Temple
  9624 | Temple   | Became a worshipper of Cheibriados the Contemplative
  9981 | D:6      | Reached XP level 9. HP: 65/65 MP: 13/18
 10535 | D:7      | Found a flagged portal.
 10571 | Bailey   | Entered a bailey
 10600 | Bailey   | Reached * piety under Cheibriados
 10953 | Bailey   | Reached skill level 5 in Invocations
 11065 | Bailey   | Learned a level 4 spell: Flame Wave
 11534 | Bailey   | Noticed Prince Ribbit
 11535 | Bailey   | Noticed a vault guard
 11564 | Bailey   | Killed Prince Ribbit
 11851 | Bailey   | Noticed a vault guard
 11890 | Bailey   | Killed a vault guard
 11891 | Bailey   | Reached skill level 5 in Fighting
 11891 | Bailey   | Reached skill level 5 in Short Blades
 11891 | Bailey   | Reached skill level 5 in Long Blades
 11891 | Bailey   | Reached skill level 5 in Axes
 11891 | Bailey   | Reached skill level 5 in Maces & Flails
 11891 | Bailey   | Reached skill level 5 in Polearms
 11891 | Bailey   | Reached skill level 5 in Staves
 11891 | Bailey   | Reached skill level 5 in Ranged Weapons
 11891 | Bailey   | Reached skill level 5 in Throwing
 11891 | Bailey   | Reached skill level 5 in Armour
 11891 | Bailey   | Reached skill level 5 in Shields
 11891 | Bailey   | Reached skill level 5 in Unarmed Combat
 11891 | Bailey   | Reached skill level 5 in Evocations
 11891 | Bailey   | Reached XP level 10. HP: 27/74 MP: 17/21
 12188 | Bailey   | Killed a vault guard
 12189 | Bailey   | Reached skill level 5 in Conjurations
 12859 | D:7      | Reached ** piety under Cheibriados
 13239 | D:7      | Found a shimmering blue altar of Sif Muna.
 14410 | D:8      | Reached skill level 5 in Hexes
 14410 | D:8      | Reached skill level 5 in Summonings
 14410 | D:8      | Reached skill level 5 in Necromancy
 14410 | D:8      | Reached skill level 5 in Translocations
 14410 | D:8      | Reached skill level 5 in Transmutations
 14410 | D:8      | Reached skill level 5 in Ice Magic
 14410 | D:8      | Reached skill level 5 in Air Magic
 14410 | D:8      | Reached skill level 5 in Earth Magic
 14410 | D:8      | Reached skill level 5 in Poison Magic
 14482 | D:8      | Noticed a boulder beetle
 14504 | D:8      | Reached XP level 11. HP: 77/77 MP: 12/22
 14777 | D:8      | Found a runed translucent door.
 14795 | D:8      | Reached *** piety under Cheibriados
 14821 | D:8      | Identified the +1 robe of the Pink Corner {Rampage}
 14968 | D:8      | Upgraded the game from 0.30-a0-1114-gd936c97349 to
                  | 0.30-a0-1116-gebefce21f7
 15328 | D:8      | Noticed bmack86's ghost (novice MiFi)
 15333 | D:8      | Identified the +12 spear of Gedgh {antimagic, rF++ rCorr
                  | Str+2}
 15346 | D:8      | Found Cheibriados's Comfort Zone.
 15347 | D:8      | Found a snail-covered altar of Cheibriados.
 15459 | D:8      | Noticed a two-headed ogre
 15468 | D:8      | Killed a two-headed ogre
 15598 | D:9      | Noticed a two-headed ogre
 15605 | D:9      | Killed a two-headed ogre
 15914 | D:8      | Learned a level 3 spell: Inner Flame
 16063 | D:9      | Found a staircase to the Orcish Mines.
 16336 | D:9      | Found a burning altar of Makhleb.
 16456 | D:9      | Noticed Grum
 16462 | D:9      | Killed Grum
 16462 | D:9      | Reached **** piety under Cheibriados
 17327 | D:10     | Entered Level 10 of the Dungeon
 17327 | D:10     | Found a runed translucent door.
 18058 | D:10     | Found a glowing golden altar of the Shining One.
 18070 | D:10     | Noticed benadryl's ghost (journeyman DsEE)
 18130 | D:10     | Reached ***** piety under Cheibriados
 18195 | D:10     | Found a staircase to the Lair.
 18237 | D:10     | Got the Discursus on Malediction
 18275 | D:10     | Found a hide-covered altar of Uskayaw.
 18275 | D:10     | Found an iron altar of Okawaru.
 18733 | D:10     | Found an ornate altar of the Wu Jian Council.
 18785 | D:10     | Found a blossoming altar of Fedhas.
 18786 | D:10     | Found a glowing silver altar of Zin.
 18786 | D:10     | Found a bloodstained altar of Trog.
 18786 | D:10     | Found an opulent altar of Gozag.
 18789 | D:10     | Found a radiant altar of Vehumet.
 19233 | D:11     | Found a portal to a secret trove of treasure.
 19348 | D:11     | Noticed a two-headed ogre
 19353 | D:11     | Noticed a centaur warrior
 19358 | D:11     | Killed a two-headed ogre
 19363 | D:11     | Killed a centaur warrior
 19751 | D:11     | Found a viscous altar of Jiyva.
 19778 | D:11     | Noticed Urug
 19866 | Lair:1   | Entered Level 1 of the Lair of Beasts
 20007 | Lair:1   | Found a runed translucent gate.
 20008 | Lair:1   | Found a runed translucent gate.
 20009 | Lair:1   | Found a runed translucent gate.
 20033 | Lair:1   | Reached XP level 12. HP: 79/91 MP: 17/24
 20151 | Lair:1   | Identified the +6 spear "Ybbolaass" {venom, +Blink rElec
                  | rCorr Int+4}
 20308 | Lair:1   | Noticed Maggie
 20323 | Lair:1   | Killed Maggie
 20513 | Lair:1   | Found a sacrificial altar of Ru.
 20729 | Lair:1   | Noticed Palms's ghost (journeyman DEEE)
 22525 | Lair:2   | Found a staircase to the Shoals.
 22777 | Lair:2   | Noticed an eight-headed hydra
 23329 | Lair:2   | Found a staircase to the Snake Pit.
 23680 | Lair:2   | Killed an eight-headed hydra
 24061 | Lair:3   | Noticed a death yak
 24061 | Lair:3   | Noticed a death yak
 24064 | Lair:3   | Noticed a death yak
 24065 | Lair:3   | Noticed a death yak
 24066 | Lair:3   | Noticed a death yak
 24069 | Lair:3   | Noticed a death yak
 24206 | Lair:2   | HP: 4/92 [death yak (18)]
 24207 | Lair:2   | Slain by a death yak

Illustrated notes

Levels and vault maps discovered:
D:1:      tekkud_arrival_beachfront_property, layout_basic,
          hangedman_glass_teeth, minmay_rat_gold_closets
D:2:      layout_basic, serial_shops, shop, kennysheep_cross_room, uniq_jessica
D:3:      layout_basic, nicolae_ashenzari_skybound, uniq_grinder
D:4:      minmay_diamond_boxcup, layout_loops_ring
D:5:      layout_basic, serial_shops, shop, nicolae_shop_hallway_plus, shop,
          shop, shop, kennysheep_nub, chequers_serial_rivers_marsh
D:6:      layout_basic, minmay_temple_entry_gardened_gates
D:7:      layout_loops_cross, led_sif_book, enter_bailey_5
D:8:      layout_cave_pools, ebering_ghost_funeral_grove,
          dreamdust_mushroom_princess, grunt_ministairs_8,
          dreamdust_wishing_well, minmay_shop_chei
D:9:      layout_cave_pools, bloody_makhleb, orc_0_dummy, serial_gnoll_camp,
          gnoll_camp_mini_hut, gnoll_camp_mini_loothouse, grums_kennel,
          gnoll_camp_medium_02
D:10:     layout_big_octagon, mainiacjoe_overflow_24_doors, minitemple,
          due_lair_maze_entry_diamond, hellmonk_ghost_big_iron
D:11:     layout_stronghold, gammafunk_ghost_cemetery, trove_entry_hex_spiral,
          jiyva_altar_1, uniq_urug
Temple:   hellmonk_temple_beads
Lair:1:   layout_regular_city, basic_altar, ebering_ghost_rock_garden,
          uniq_maggie
Lair:2:   beast_lair_carwin_large_3, layout_layer_cave,
          elwin_shoals_entry_stream, guppyfry_snake_entry_island
Lair:3:   layout_hall_layers, gammafunk_ghost_cemetery

Skill      XL: |  1  2  3  4  5  6  7  8  9 10 11 12 |
---------------+-------------------------------------+-----
Conjurations   | 2 3 4 5 6 7 |  7.0
Spellcasting   | 5 6 7 8 9 |  9.5
Fighting       | 1 2 3 5 6 7 8 |  8.0
Short Blades   | 1 2 3 5 6 7 8 |  8.0
Long Blades    | 1 2 3 5 6 7 8 |  8.0
Axes           | 1 2 3 5 6 7 8 |  8.0
Maces & Flails | 1 2 3 5 6 7 8 |  8.0
Polearms       | 1 2 3 5 6 7 8 |  8.0
Staves         | 1 2 3 5 6 7 8 |  8.0
Ranged Weapons | 1 2 3 5 6 7 8 |  8.0
Throwing       | 1 2 3 5 6 7 8 |  8.0
Armour         | 1 2 3 5 6 7 8 |  8.0
Shields        | 1 2 3 5 6 7 8 |  8.0
Unarmed Combat | 1 2 3 5 6 7 8 |  8.0
Invocations    | 1 2 3 4 5 6 7 8 |  8.8
Evocations     | 1 2 3 5 6 7 8 |  8.8
Hexes          | 1 2 3 4 5 6 |  6.6
Summonings     | 1 2 3 4 5 6 |  6.6
Necromancy     | 1 2 3 4 5 6 |  6.6
Translocations | 1 2 3 4 5 6 |  6.6
Transmutations | 1 2 3 4 5 6 |  6.6
Ice Magic      | 1 2 3 4 5 6 |  6.6
Air Magic      | 1 2 3 4 5 6 |  6.6
Earth Magic    | 1 2 3 4 5 6 |  6.6
Poison Magic   | 1 2 3 4 5 6 |  6.6
Dodging        | 5 6 7 8 9 |  9.3
Stealth        | 5 6 7 8 9 |  9.1
Fire Magic     | 6 7 8 |  8.7

Action                     |  1- 3 |  4- 6 |  7- 9 | 10-12 || total
---------------------------+-------+-------+-------+-------++-------
  Melee: Unarmed           |    27 |     1 |       |       ||    28
         Bite              |     4 |       |     3 |    19 ||    26
         Long sword        |       |     4 |    22 |       ||    26
         Punch             |       |       |     1 |     6 ||     7
         Hand axe          |       |       |     8 |    10 ||    18
         Broad axe         |       |       |       |    41 ||    41
         Spear             |       |       |       |    47 ||    47
   Cast: Foxfire           |    63 |    85 |   256 |   312 ||   716
         Scorch            |       |    24 |   123 |   183 ||   330
         Flame Wave        |       |       |       |    44 ||    44
  Evoke: Wand              |       |       |     3 |    23 ||    26
         Phial of floods   |       |       |       |     1 ||     1
    Use: Scroll            |       |     4 |     3 |    29 ||    36
         Potion            |       |       |     5 |    10 ||    15
   Stab: Sleeping          |     5 |       |       |       ||     5
 Armour: Robe              |     5 |    11 |    75 |   161 ||   252
         Troll leather arm |       |       |       |    52 ||    52
  Dodge: Dodged            |    33 |    30 |   231 |   814 ||  1108

Table legend: (Time is in decaauts)
 A = Elapsed time spent in this place.
 B = Non-inter-level travel time spent in this place.
 C = Inter-level travel time spent in this place.
 D = Time resting spent in this place.
 E = Time spent auto-exploring this place.
 F = Levels seen in this place.
 G = Mean time per level.
                   A        B        C        D        E       F      G
               +--------+--------+--------+--------+--------+-----+--------+
         Total |  27767 |  26958 |    809 |   9319 |  13121 |  16 | 1735.4 |
       Dungeon |  19638 |  19053 |    585 |   5780 |  10245 |  11 | 1785.3 |
        Temple |    323 |    308 |     15 |    203 |     88 |   1 |  323.0 |
          Lair |   5909 |   5701 |    208 |   1977 |   2691 |   3 | 1969.7 |
        Bailey |   1895 |   1895 |      0 |   1358 |     97 |   1 | 1895.0 |
               +--------+--------+--------+--------+--------+-----+--------+

Top non-repeatable levels by time:
  Lair:1: 3074 daAuts
  Lair:2: 2818 daAuts
     D:8: 2389 daAuts
    D:10: 2090 daAuts
     D:2: 2047 daAuts
     D:1: 2004 daAuts
     D:6: 1896 daAuts
  Bailey: 1895 daAuts
     D:9: 1876 daAuts
     D:4: 1810 daAuts
     D:5: 1755 daAuts
     D:7: 1490 daAuts
    D:11: 1285 daAuts
     D:3: 991 daAuts
  Temple: 323 daAuts
